 Dungeon Sprint DCSS version 0.29-a0-392-g297d3b089c (webtiles) character file.

Game seed: 2394004112753848643

38887 mhtbhm the Slayer (level 13, -5/151 HPs)
             Began as a Black Draconian Berserker on May 8, 2022.
             Was the Champion of Trog.
             Slain by a fenstrider witch (16 damage)
             ... while paralysed by a fenstrider witch
             ... in the Dungeon (Sprint IX: "|||||||||||||||||||||||||||||").
             The game lasted 00:09:36 (5723 turns).

mhtbhm the Slayer (Black Draconian Berserker)       Turns: 5723, Time: 00:09:38

Health: -5/151     AC: 14    Str: 34    XL:     13   Next: 66%
Magic:  13/13      EV:  2    Int:  8    God:    Trog [******]
Gold:   1273       SH:  0    Dex: 10    Spells: 12/12 levels left

rFire   . . .      SeeInvis .   a - +5 great sword (vorpal)
rCold   . . .      Faith    .   (shield currently unavailable)
rNeg    . . .      Spirit   .   (body armour unavailable)
rPois   .          Reflect  .   u - +1 hat
rElec   +          Harm     .   B - +1 cloak {Stlth+}
rCorr   .          Rampage  .   A - +1 pair of gloves
Will    .....      NoTele   +   q - +0 pair of boots
Stlth   ++++......              (no amulet)
HPRegen 0.35/turn               j - +3 ring of strength
MPRegen 0.13/turn               y - +6 ring of strength

@: paralysed, short of breath, on berserk cooldown, slowed
A: breathe lightning, AC +8, unfitting armour, electricity resistance,
cold-blooded
a: Breathe Lightning, Renounce Religion, Berserk, Trog's Hand, Brothers in Arms


You were in the Dungeon.
You worshipped Trog.
Trog was exalted by your worship.
You visited 1 branch You collected 1928 gold pieces.
You spent 655 gold pieces at shops.

Inventory:

Hand Weapons
 a - a +5 vorpal great sword (weapon)
 g - a +1 triple sword of flaming
Missiles
 v - 2 throwing nets (quivered)
Armour
 i - a +0 cloak
 p - a +0 pair of gloves
 q - a +0 pair of boots (worn)
 u - a +1 hat (worn)
 A - a +1 pair of gloves (worn)
 B - a +1 cloak of stealth (worn)
Jewellery
 j - a +3 ring of strength (left hand)
 w - a ring of willpower
 x - a ring of ice
 y - a +6 ring of strength (right hand)
 z - a ring of protection from fire
Wands
 h - a wand of acid (5)
Scrolls
 n - 3 scrolls of identify
 o - 7 scrolls of enchant armour
 s - 3 scrolls of immolation
 t - a scroll of poison
 C - a scroll of fear
 D - 2 scrolls of enchant weapon
Potions
 b - 4 potions of curing
 c - 5 potions of heal wounds
 d - 2 potions of haste
 e - 4 potions of magic
 f - 3 potions of invisibility
 k - a potion of resistance
 l - 3 potions of berserk rage
 m - a potion of mutation
 r - a potion of cancellation


   Skills:
 + Level 24.5 Fighting
 + Level 23.2 Long Blades
 + Level 16.4 Dodging
 + Level 6.3 Stealth
 + Level 2.8 Evocations


You had 12 spell levels left.
You didn't know any spells.
Your spell library was empty.

Dungeon Overview and Level Annotations

Branches:
Dungeon (1/1)

Altars:
Cheibriados
Dithmenos
Elyvilon
Fedhas
Gozag
Hepliaklqana
Kikubaaqudgha
Makhleb
Nemelex Xobeh
Okawaru
Qazlal
Ru
Sif Muna
Trog
Uskayaw
Vehumet
Wu Jian
Xom
Yredelemnul
Zin
The Shining One
Beogh
Jiyva
Lugonu

Shops:
D ?[!:


Innate Abilities, Weirdness & Mutations

You can breathe wild blasts of lightning.
Your glossy black scales are hard. (AC +8)
You cannot fit into any form of body armour.
You are resistant to electric shocks. (rElec)
You are cold-blooded and may be slowed by cold attacks.


Message History

You can move again.
Unknown command.
Okay, then.
You feel much better. The fenstrider witch misses you.
The fenstrider witch closely misses you.
The will-o-the-wisp gestures.
The will-o-the-wisp conjures some foxfire!
The will-o-the-wisp blinks!
The fenstrider witch closely misses you.
The fenstrider witch kicks you but does no damage.
A foxfire comes into view.
Your stone giant goes berserk!
The will-o-the-wisp blinks!
The fenstrider witch casts a spell at you.
You suddenly lose the ability to move!
The will-o-the-wisp gestures. x2
The will-o-the-wisp conjures some foxfire!
The fenstrider witch hits you. The fenstrider witch kicks you!
* * * LOW HITPOINT WARNING * * *
2 foxfires come into view.
The foxfire hits your stone giant!!
Your stone giant rages.
The fenstrider witch hits you but does no damage.
The fenstrider witch kicks you!
* * * LOW HITPOINT WARNING * * *
The will-o-the-wisp engulfs you.
* * * LOW HITPOINT WARNING * * *
Your stone giant hits the will-o-the-wisp!!!
The will-o-the-wisp is destroyed!
Trog accepts your kill.
The fenstrider witch hits you but does no damage.
The fenstrider witch barely misses you.
The will-o-the-wisp engulfs you but does no damage.
The fenstrider witch hits you but does no damage.
The fenstrider witch kicks you!
* * * LOW HITPOINT WARNING * * *
The will-o-the-wisp gestures.
The will-o-the-wisp conjures some foxfire!
The fenstrider witch hits you!
You die...

_▓.▓)▓.▓)▓.▓[▓.▓)▓
_▓.▓)▓.▓)▓.▓=▓.▓.▓
_▓.▓.▓.▓)▓.▓.▓.▓)▓
_▓.▓.▓.▓)▓.▓.▓.▓§▓
_▓.▓.▓.▓)▓.▓[▓.▓C▓
_▓.▓.▓.▓)▓.▓.▓.♣)♣
_▓.▓÷▓.▓.▓.▓.▓.♣v♣
_▓.▓÷▓.▓.▓.▓)▓.♣v♣
_▓.▓.▓.▓.▓.▓.▓.♣@♣
_▓.▓.▓.▓.▓.▓.▓.♣H♣
_▓.▓.▓.▓)▓.▓.▓.♣v♣
'▓.▓'▓.▓)▓.▓)▓.♣.♣
.▓.▓.▓.▓)▓.▓'▓.♣.♣
?▓.▓.▓.▓)▓.▓.▓.♣.♣
)▓.▓.▓.▓)▓.▓(▓.♣.♣
.▓.▓.▓.▓)▓.▓)▓.▓+▓
.▓.▓.▓.▓∩▓.▓(▓.▓


You could see a fenstrider witch, a will-o-the-wisp (ally target) and a friendly
stone giant (summoned, berserk).

Vanquished Creatures
  A lich (D)
  Gastronok (D)
  Azrael (D)
  2 bunyips (D)
  A fire dragon (D)
  Harold (D)
  2 hydras (D)
  A ghost crab (D)
  A merfolk avatar (D)
  An ice dragon (D)
  A radroach (D)
  A two-headed ogre (D)
  2 centaur warriors (D)
  5 death yaks (D)
  10 orc high priests (D)
  A deep troll shaman (D)
  A spriggan berserker (D)
  A sea snake (D)
  A steelbarb worm (D)
  A wizard (D)
  An orb spider (D)
  2 bog bodies (D)
  An orc knight (D)
  An ugly thing (D)
  A manticore (D)
  2 cyclopes (D)
  A will-o-the-wisp (D)
  2 black mambas (D)
  A water nymph (D)
  3 cane toads (D)
  A torpor snail (D)
  A rime drake (D)
  A demonic crawler (D)
  2 tengu conjurers (D)
  3 komodo dragons (D)
  A troll (D)
  4 merfolk (D)
  A polar bear (D)
  A tarantella (D)
  A snapping turtle (D)
  A culicivora (shapeshifter) (D)
  A yak (D)
  Eustachio (D)
  2 fire elementals (D)
  A steam dragon (D)
  An acid dragon (D)
  A water moccasin (D)
  4 hell hounds (D)
  7 orc warriors (D)
  An ogre (D)
  A centaur (D)
  A phantom (D)
  A gnoll sergeant (D)
  A scorpion (D)
  7 bullfrogs (D)
  A howler monkey (D)
  A hound (D)
  5 orc priests (D)
  5 orc wizards (D)
  4 orcs (D)
  A hobgoblin (D)
  A kobold (D)
  A bat (D)
  2 rats (D)
119 creatures vanquished.

Vanquished Creatures (collateral kills)
  A broodmother (D)
  A stone giant (D)
  2 catoblepae (D)
  A boulder beetle (D)
  A tengu warrior (D)
  An orc knight (D)
  A will-o-the-wisp (D)
  A cyclops (D)
  A torpor snail (D)
  A demonic crawler (D)
  A yak (D)
  3 orc warriors (D)
  2 orcs (D)
17 creatures vanquished.

Vanquished Creatures (others)
  A foxfire (D)
1 creature vanquished.

Grand Total: 137 creatures vanquished

Notes
Turn   | Place    | Note
-------+----------+-------------------------------------------
     0 | D        | mhtbhm the Draconian Berserker began the quest for the Orb.
     0 | D        | Reached XP level 1. HP: 19/19 MP: 1/1
    10 | D        | Reached ** piety under Trog
   164 | D        | Noticed a centaur
   164 | D        | Noticed a phantom
   164 | D        | Noticed an ogre
   164 | D        | Noticed a scorpion
   164 | D        | Noticed a hound
   168 | D        | Killed a centaur
   169 | D        | Reached skill level 6 in Fighting
   169 | D        | Reached skill level 5 in Long Blades
   169 | D        | Reached XP level 2. HP: 28/30 MP: 2/2
   169 | D        | Reached XP level 3. HP: 34/37 MP: 3/3
   169 | D        | Reached XP level 4. HP: 41/44 MP: 4/4
   176 | D        | Killed a phantom
   176 | D        | Reached *** piety under Trog
   177 | D        | Reached skill level 7 in Fighting
   177 | D        | Reached skill level 5 in Dodging
   177 | D        | Reached XP level 5. HP: 47/52 MP: 5/5
   181 | D        | Killed an ogre
   182 | D        | Reached skill level 8 in Fighting
   184 | D        | Reached XP level 6. HP: 43/62 MP: 6/6
   193 | D        | Found a snail-covered altar of Cheibriados.
   193 | D        | Found a shadowy altar of Dithmenos.
   193 | D        | Found a white marble altar of Elyvilon.
   193 | D        | Found a blossoming altar of Fedhas.
   193 | D        | Found an opulent altar of Gozag.
   194 | D        | Found a hazy altar of Hepliaklqana.
   195 | D        | Found a viscous altar of Jiyva.
   196 | D        | Found an ancient bone altar of Kikubaaqudgha.
   197 | D        | Found a corrupted altar of Lugonu.
   198 | D        | Found a burning altar of Makhleb.
   199 | D        | Found a sparkling altar of Nemelex Xobeh.
   200 | D        | Found an iron altar of Okawaru.
   201 | D        | Found a stormy altar of Qazlal.
   202 | D        | Found a sacrificial altar of Ru.
   203 | D        | Found a shimmering blue altar of Sif Muna.
   204 | D        | Found a bloodstained altar of Trog.
   205 | D        | Found a hide-covered altar of Uskayaw.
   206 | D        | Found a radiant altar of Vehumet.
   207 | D        | Found an ornate altar of the Wu Jian Council.
   208 | D        | Found a shimmering altar of Xom.
   209 | D        | Found a basalt altar of Yredelemnul.
   210 | D        | Found a glowing silver altar of Zin.
   213 | D        | Found a glowing golden altar of the Shining One.
   347 | D        | Noticed a steam dragon
   347 | D        | Noticed a komodo dragon
   347 | D        | Noticed an acid dragon
   347 | D        | Noticed a troll
   352 | D        | Killed a steam dragon
   352 | D        | Reached **** piety under Trog
   353 | D        | Reached skill level 9 in Fighting
   353 | D        | Reached skill level 10 in Long Blades
   355 | D        | Killed a komodo dragon
   356 | D        | Reached skill level 10 in Fighting
   356 | D        | Your scales start taking on a glossy black colour.
   356 | D        | Reached XP level 7. HP: 70/73 MP: 7/7
   356 | D        | Gained mutation: You are resistant to electric shocks.
                  | (rElec) [Black Draconian growth]
   467 | D        | Reached skill level 11 in Fighting
   472 | D        | Killed a troll
   473 | D        | Reached XP level 8. HP: 17/82 MP: 8/8
   768 | D        | Noticed a five-headed hydra
   768 | D        | Noticed a two-headed ogre
   768 | D        | Noticed an eight-headed hydra
   768 | D        | Noticed a tengu conjurer
   768 | D        | Noticed a centaur warrior
   768 | D        | Noticed a centaur warrior
   773 | D        | Killed a one-headed hydra
   774 | D        | Reached skill level 12 in Fighting
   775 | D        | Killed a two-headed ogre
   776 | D        | Reached skill level 13 in Fighting
   776 | D        | Reached skill level 10 in Dodging
   776 | D        | Reached XP level 9. HP: 91/93 MP: 9/9
   779 | D        | Killed a four-headed hydra
   779 | D        | Reached ***** piety under Trog
   780 | D        | Reached skill level 15 in Long Blades
   784 | D        | Killed a tengu conjurer
   785 | D        | Reached skill level 14 in Fighting
   790 | D        | HP: 4/95 [centaur warrior (6)]
   794 | D        | Killed a centaur warrior
   798 | D        | Killed a centaur warrior
   799 | D        | Reached XP level 10. HP: 23/104 MP: 10/10
  1235 | D        | Noticed a cane toad
  1238 | D        | Noticed a black mamba
  1243 | D        | Reached skill level 15 in Fighting
  1255 | D        | Killed a cane toad
  1256 | D        | Reached ****** piety under Trog
  1265 | D        | Killed a black mamba
  1265 | D        | Received a gift from Trog
  1272 | D        | Reached skill level 1 in Stealth
  1272 | D        | Reached skill level 1 in Evocations
  1488 | D        | Noticed a cane toad
  1489 | D        | Noticed a cane toad
  1494 | D        | Killed a cane toad
  1495 | D        | Reached skill level 16 in Fighting
  1504 | D        | Noticed a black mamba
  1505 | D        | Killed a cane toad
  1518 | D        | Killed a black mamba
  1518 | D        | Received a gift from Trog
  1591 | D        | Noticed a death yak
  1591 | D        | Noticed a death yak
  1591 | D        | Noticed a death yak
  1591 | D        | Noticed a death yak
  1591 | D        | Noticed a death yak
  1595 | D        | Noticed a catoblepas
  1598 | D        | Killed a death yak
  1599 | D        | Reached XP level 11. HP: 116/116 MP: 11/11
  1605 | D        | Killed a death yak
  1606 | D        | Reached skill level 17 in Fighting
  1610 | D        | Noticed a catoblepas
  1613 | D        | Killed a death yak
  1618 | D        | Killed a death yak
  1625 | D        | Killed a death yak
  1641 | D        | Killed a catoblepas
  1641 | D        | Identified the +7 triple sword of Risk Management {flame,
                  | Will+++} (Trog gifted it to you in the Dungeon)
  1641 | D        | Received a gift from Trog
  1642 | D        | Reached skill level 18 in Fighting
  1642 | D        | Killed a catoblepas
  2121 | D        | Noticed Eustachio
  2134 | D        | Killed Eustachio
  2203 | D        | Noticed an orc high priest
  2213 | D        | Received a gift from Trog
  2216 | D        | Killed an orc high priest
  2231 | D        | Received a gift from Trog
  2300 | D        | Noticed an orc knight
  2311 | D        | Noticed an orc knight
  2322 | D        | Killed an orc knight
  2323 | D        | Reached skill level 19 in Fighting
  2324 | D        | Received a gift from Trog
  2334 | D        | Killed an orc knight
  2339 | D        | Received a gift from Trog
  2567 | D        | Found Giom's Magic Scroll Emporium.
  2567 | D        | Noticed an orc high priest
  2567 | D        | Noticed an orc high priest
  2567 | D        | Noticed an orc high priest
  2570 | D        | Noticed an orc high priest
  2571 | D        | Killed an orc high priest
  2574 | D        | Killed an orc high priest
  2575 | D        | Reached XP level 12. HP: 132/132 MP: 12/12
  2575 | D        | Found Uteuxux's Armour Shoppe.
  2577 | D        | Killed an orc high priest
  2583 | D        | Found Ceclaef's Distillery.
  2585 | D        | Killed an orc high priest
  2586 | D        | Reached skill level 20 in Fighting
  2640 | D        | Found Edyhaaq's Book Shoppe.
  2642 | D        | Noticed an orc high priest
  2643 | D        | Noticed an orc high priest
  2644 | D        | Noticed an orc high priest
  2645 | D        | Noticed an orc high priest
  2646 | D        | Noticed an orc high priest
  2650 | D        | Killed an orc high priest
  2651 | D        | Killed an orc high priest
  2659 | D        | Killed an orc high priest
  2659 | D        | Received a gift from Trog
  2664 | D        | Killed an orc high priest
  2673 | D        | Killed an orc high priest
  2806 | D        | Bought a scroll of identify for 20 gold pieces
  2806 | D        | Bought a scroll of enchant armour for 75 gold pieces
  2810 | D        | Bought a potion of berserk rage for 50 gold pieces
  2810 | D        | Bought a potion of curing for 30 gold pieces
  2810 | D        | Bought a potion of haste for 100 gold pieces
  2810 | D        | Bought 2 potions of invisibility for 160 gold pieces
  2814 | D        | Bought a potion of cancellation for 80 gold pieces
  2818 | D        | Bought a scroll of immolation for 35 gold pieces
  2818 | D        | Bought a scroll of immolation for 35 gold pieces
  2818 | D        | Bought a scroll of poison for 35 gold pieces
  2818 | D        | Bought a scroll of immolation for 35 gold pieces
  2911 | D        | Noticed Gastronok
  2921 | D        | Killed Gastronok
  2922 | D        | Reached skill level 21 in Fighting
  2922 | D        | Reached skill level 5 in Stealth
  3040 | D        | Noticed Harold
  3049 | D        | Killed Harold
  3186 | D        | Received a gift from Trog
  3187 | D        | Noticed a boulder beetle
  3188 | D        | Noticed a stone giant
  3190 | D        | Noticed a tengu warrior
  3197 | D        | Noticed a deep troll shaman
  3208 | D        | Received a gift from Trog
  3215 | D        | Killed a boulder beetle
  3226 | D        | Killed a stone giant
  3229 | D        | Killed a tengu warrior
  3230 | D        | Reached skill level 22 in Fighting
  3454 | D        | Killed a deep troll shaman
  3454 | D        | Received a gift from Trog
  3493 | D        | Noticed a lich
  3495 | D        | Noticed a fire dragon
  3509 | D        | Killed a lich
  3510 | D        | Reached XP level 13. HP: 115/146 MP: 13/13
  3518 | D        | Killed a fire dragon
  4005 | D        | Noticed Azrael
  4011 | D        | Received a gift from Trog
  4021 | D        | Killed Azrael
  4022 | D        | Reached skill level 23 in Fighting
  4022 | D        | Reached skill level 15 in Dodging
  4259 | D        | Noticed a broodmother
  4263 | D        | Received a gift from Trog
  4280 | D        | HP: 5/148 [poisoned by a wolf spider]
  4292 | D        | Killed a broodmother
  4796 | D        | HP: 3/148 [radroach (37)]
  5283 | D        | Received a gift from Trog
  5290 | D        | Reached skill level 24 in Fighting
  5695 | D        | Noticed a bunyip
  5695 | D        | Noticed a bunyip
  5699 | D        | Noticed a fenstrider witch
  5702 | D        | Received a gift from Trog
  5708 | D        | Killed a bunyip
  5716 | D        | Killed a bunyip
  5717 | D        | Paralysed by a fenstrider witch for 2 turns
  5720 | D        | Paralysed by a fenstrider witch for 5 turns
  5723 | D        | Slain by a fenstrider witch

Illustrated notes

Levels and vault maps discovered:
D:        linesprint [early_d, line_temple, items_1, d_10, items_2, lair_1,
          lair_end, items_3, orc_1, orc_end, items_4, d_15, swamp_1, shoals_1,
          snake_1, spider_1, d_20, vaults_1, items_5, swamp_end, shoals_end,
          snake_end, spider_end, vaults_end, d_27, items_6, zot_1, zot_end,
          crypt_end, forest_end, elf_end, slime_end, tomb_end, abyss_end,
          pan_hell_end]

Skill      XL: |  1  2  3  4  5  6  7  8  9 10 11 12 13 |
---------------+----------------------------------------+-----
Dodging        | 4 5 6 8 10 11 12 13 14 16 | 16.4
Fighting       | 6 7 8 10 11 13 14 16 19 22 24 | 24.5
Long Blades    | 5 7 8 11 12 14 16 18 20 21 23 | 23.2
Stealth        | 2 4 6 |  6.3
Evocations     | 1 2 |  2.8

Action                   |  1- 3 |  4- 6 |  7- 9 | 10-12 | 13-15 || total
-------------------------+-------+-------+-------+-------+-------++-------
Melee: Falchion          |    20 |    17 |       |       |       ||    37
       Tailslap          |     1 |     5 |     5 |    36 |    16 ||    63
       Scimitar          |       |     6 |    28 |   148 |       ||   182
       Punch             |       |       |       |     4 |       ||     4
       Great sword       |       |       |       |    82 |   104 ||   186
Invok: Berserk           |       |     1 |     2 |     8 |     5 ||    16
       Brothers in Arms  |       |       |       |     3 |     3 ||     6
       Trog's Hand       |       |       |       |     1 |       ||     1
 Abil: Breathe Lightning |       |       |     1 |     4 |     3 ||     8
Evoke: Wand              |       |       |     2 |       |     3 ||     5
  Use: Potion            |     1 |       |     2 |       |     8 ||    11
       Scroll            |       |       |       |     3 |     1 ||     4
Armor: Skin              |     6 |     3 |    24 |    31 |    44 ||   108
Dodge: Dodged            |    14 |     8 |    28 |    69 |    75 ||   194

Table legend: (Time is in decaauts)
 A = Elapsed time spent in this place.
 B = Non-inter-level travel time spent in this place.
 C = Inter-level travel time spent in this place.
 D = Time resting spent in this place.
 E = Time spent auto-exploring this place.
 F = Levels seen in this place.
 G = Mean time per level.
                   A        B        C        D        E       F      G
               +--------+--------+--------+--------+--------+-----+--------+
         Total |   5718 |   5718 |      0 |   3828 |    552 |   1 | 5718.0 |
       Dungeon |   5718 |   5718 |      0 |   3828 |    552 |   1 | 5718.0 |
               +--------+--------+--------+--------+--------+-----+--------+

Top non-repeatable levels by time:
       D: 5718 daAuts
